General information
- name: BNet
- type: Ladder team game (AT/RT)
- host: Battle.net
- saver: BuddhaBoi
map: MarketSquare
- players: 8
- length: 56:22
- speed: Fast
- version: 1.27 W3XP
- replay type: Public
» download(325 KB)
Players
team 1 (winner)
WALLOFMURICA (
green | 42 APM | 1799 actions | 43:11)
8 Archmage
3 Summon Water Elemental
3 Brilliance Aura
1 Mass Teleport
1 Blizzard
» actions
| Basic commands | 6 | |
| Build / train | 188 | |
| Enter build submenu | 33 | |
| Enter hero's abilities submenu | 8 | |
| Remove unit from queue | 2 | |
| Right click | 756 | |
| Select / deselect | 566 | |
| Use ability | 240 | |
1799 total
» units
| Peasant | 31 | |
| Sorceress | 17 | |
| Mortar Team | 23 | |
| Flying Machine | 36 | |
107 total
» upgrades
| Sorceress Training | 1 | |
| Gunpowder | 2 | |
| Masonry | 3 | |
| Magic Sentry | 1 | |
| Flare | 1 | |
| Armor | 1 | |
| Fragmentation Shards | 1 | |
| Flak Cannons | 1 | |
| Lumber Harvesting | 1 | |
| Flying Machine Bombs | 1 | |
13 total
» buildings
| Lumber Mill | 5 | |
| Farm | 10 | |
| Altar of Kings | 1 | |
| Keep | 1 | |
| Arcane Vault | 2 | |
| Scout Tower | 88 | |
| Arcane Tower | 9 | |
| Blacksmith | 1 | |
| Guard Tower | 27 | |
| Arcane Sanctum | 1 | |
| Workshop | 2 | |
| Castle | 1 | |
| Town Hall | 2 | |
150 total
» build order
00:22 Lumber Mill
00:38 Farm
00:52 Altar of Kings
01:13 Farm
01:14 Farm
01:16 Farm
01:17 Farm
01:18 Farm
02:21 Keep
02:34 Arcane Vault
02:53 Scout Tower
03:25 Arcane Tower
03:31 Scout Tower
03:31 Scout Tower
03:33 Scout Tower
03:41 Arcane Vault
03:45 Blacksmith
04:23 Guard Tower
04:48 Guard Tower
05:02 Arcane Sanctum
05:46 Farm
05:47 Farm
05:47 Farm
06:05 Workshop
06:48 Workshop
06:59 Farm
11:38 Scout Tower
11:38 Scout Tower
11:39 Scout Tower
11:40 Scout Tower
11:41 Scout Tower
11:43 Scout Tower
12:15 Guard Tower
14:33 Guard Tower
14:34 Arcane Tower
14:41 Scout Tower
14:42 Scout Tower
15:42 Castle
16:10 Guard Tower
16:10 Guard Tower
17:12 Guard Tower
21:52 Scout Tower
21:55 Scout Tower
21:56 Scout Tower
21:57 Scout Tower
21:58 Scout Tower
21:59 Scout Tower
24:51 Guard Tower
25:51 Guard Tower
26:15 Town Hall
30:19 Town Hall
30:23 Scout Tower
30:24 Scout Tower
30:24 Scout Tower
30:25 Scout Tower
30:26 Scout Tower
30:26 Scout Tower
30:27 Scout Tower
31:41 Guard Tower
31:44 Scout Tower
31:44 Scout Tower
31:45 Scout Tower
31:45 Scout Tower
31:45 Scout Tower
31:46 Scout Tower
31:47 Scout Tower
31:47 Scout Tower
31:48 Scout Tower
31:49 Scout Tower
31:49 Scout Tower
31:50 Scout Tower
31:51 Scout Tower
34:00 Guard Tower
34:10 Arcane Tower
34:11 Guard Tower
34:40 Guard Tower
34:43 Scout Tower
34:44 Scout Tower
34:44 Scout Tower
34:45 Scout Tower
35:15 Guard Tower
35:19 Guard Tower
35:47 Guard Tower
35:56 Arcane Tower
35:56 Arcane Tower
35:56 Arcane Tower
36:01 Scout Tower
36:01 Scout Tower
36:02 Scout Tower
36:03 Scout Tower
36:04 Scout Tower
36:22 Guard Tower
36:41 Guard Tower
36:51 Lumber Mill
36:52 Lumber Mill
37:42 Guard Tower
37:56 Scout Tower
37:56 Scout Tower
37:57 Scout Tower
37:58 Scout Tower
37:59 Scout Tower
38:00 Scout Tower
38:05 Scout Tower
38:06 Scout Tower
38:07 Scout Tower
38:08 Scout Tower
38:10 Scout Tower
38:11 Scout Tower
38:12 Scout Tower
38:13 Scout Tower
38:47 Guard Tower
38:55 Scout Tower
38:59 Scout Tower
38:59 Scout Tower
39:00 Scout Tower
39:01 Scout Tower
39:03 Scout Tower
39:04 Scout Tower
39:05 Scout Tower
39:06 Scout Tower
39:08 Scout Tower
39:08 Scout Tower
39:10 Scout Tower
39:12 Scout Tower
39:13 Scout Tower
39:36 Guard Tower
40:30 Guard Tower
40:39 Lumber Mill
40:47 Lumber Mill
40:55 Guard Tower
41:01 Scout Tower
41:02 Scout Tower
41:02 Scout Tower
41:03 Scout Tower
41:04 Scout Tower
41:05 Scout Tower
41:07 Scout Tower
41:08 Scout Tower
41:09 Scout Tower
41:10 Scout Tower
41:11 Scout Tower
41:12 Scout Tower
41:14 Scout Tower
41:48 Guard Tower
42:17 Guard Tower
» items
| Lesser Clarity Potion | 1 | |
| Potion of Healing | 3 | |
| Healing Salve | 1 | |
| Scroll of Regeneration | 4 | |
| Scroll of Town Portal | 3 | |
12 total
BuddhaBoi (
yellow | 50 APM | 2812 actions | 56:22)
10 Blademaster
3 Wind Walk
3 Critical Strike
1 Bladestorm
3 Mirror Image
» actions
| Assign group hotkey | 68 | |
| Basic commands | 428 | |
| Build / train | 87 | |
| Enter build submenu | 86 | |
| Enter hero's abilities submenu | 10 | |
| Give item / drop item | 13 | |
| Remove unit from queue | 2 | |
| Right click | 989 | |
| Select / deselect | 587 | |
| Select group hotkey | 293 | |
| Use ability | 249 | |
2812 total
» units
| Peon | 20 | |
| Grunt | 4 | |
| Troll Batrider | 8 | |
| Wind Rider | 6 | |
38 total
» upgrades
| Reinforced Defenses | 1 | |
| Troll Regeneration | 1 | |
| Liquid Fire | 1 | |
| Ranged Weapons | 3 | |
| Armor | 3 | |
| Envenomed Spears | 1 | |
10 total
» buildings
| Orc Burrow | 8 | |
| Altar of Storms | 1 | |
| Barracks | 1 | |
| Voodoo Lounge | 4 | |
| Stronghold | 1 | |
| War Mill | 2 | |
| Great Hall | 4 | |
| Watch Tower | 64 | |
| Fortress | 1 | |
| Beastiary | 4 | |
90 total
» build order
00:13 Orc Burrow
01:02 Orc Burrow
01:09 Altar of Storms
01:11 Barracks
02:14 Voodoo Lounge
02:52 Stronghold
03:52 War Mill
04:49 Orc Burrow
05:20 Great Hall
05:22 Watch Tower
05:23 Watch Tower
05:37 Watch Tower
06:25 Watch Tower
06:27 Watch Tower
07:15 Watch Tower
07:16 Watch Tower
08:10 Fortress
09:40 Watch Tower
09:42 Watch Tower
09:44 Watch Tower
09:46 Watch Tower
09:50 Watch Tower
09:50 Watch Tower
11:20 Watch Tower
11:21 Watch Tower
11:22 Watch Tower
11:23 Watch Tower
11:27 Watch Tower
11:35 Watch Tower
12:31 Beastiary
12:34 Beastiary
12:40 Beastiary
12:56 Beastiary
15:13 War Mill
16:09 Orc Burrow
16:33 Orc Burrow
16:34 Orc Burrow
18:17 Watch Tower
18:19 Watch Tower
18:21 Watch Tower
18:22 Watch Tower
21:15 Watch Tower
21:15 Watch Tower
21:18 Watch Tower
21:18 Watch Tower
24:29 Voodoo Lounge
24:36 Voodoo Lounge
32:41 Great Hall
32:45 Watch Tower
32:45 Watch Tower
32:46 Watch Tower
32:46 Watch Tower
32:46 Watch Tower
32:47 Watch Tower
33:47 Watch Tower
33:47 Watch Tower
33:48 Watch Tower
33:48 Watch Tower
33:48 Watch Tower
33:51 Watch Tower
34:08 Orc Burrow
34:09 Orc Burrow
34:10 Watch Tower
34:10 Watch Tower
34:10 Watch Tower
34:11 Watch Tower
34:44 Great Hall
34:48 Watch Tower
34:49 Watch Tower
34:49 Watch Tower
34:50 Watch Tower
35:28 Watch Tower
35:28 Watch Tower
35:29 Watch Tower
35:30 Watch Tower
35:31 Watch Tower
35:32 Watch Tower
40:03 Great Hall
40:05 Watch Tower
40:06 Watch Tower
40:06 Watch Tower
40:07 Watch Tower
40:07 Watch Tower
40:08 Watch Tower
40:09 Watch Tower
40:09 Watch Tower
40:11 Voodoo Lounge
40:11 Watch Tower
» items
| Healing Salve | 3 | |
| Scroll of Town Portal | 5 | |
| Orb of Lightning | 1 | |
| Potion of Healing | 4 | |
| Potion of Mana | 3 | |
| Lesser Clarity Potion | 3 | |
| Tiny Great Hall | 3 | |
| Periapt of Vitality | 1 | |
| Staff of Teleportation | 1 | |
24 total
Trumpenreich (
red | 33 APM | 1664 actions | 50:33)
7 Death Knight
3 Death Coil
3 Unholy Aura
1 Animate Dead
7 Lich
3 Frost Nova
3 Frost Armor
1 Death and Decay
» actions
| Assign group hotkey | 22 | |
| Basic commands | 77 | |
| Build / train | 61 | |
| Enter build submenu | 19 | |
| Enter hero's abilities submenu | 14 | |
| Remove unit from queue | 2 | |
| Right click | 1011 | |
| Select / deselect | 300 | |
| Select group hotkey | 50 | |
| Use ability | 107 | |
1664 total
» units
| Acolyte | 5 | |
| Ghoul | 3 | |
| Crypt Fiend | 10 | |
| Obsidian Statue | 2 | |
| Frost Wyrm | 8 | |
28 total
» upgrades
| Creature Attack | 3 | |
| Creature Carapace | 3 | |
| Web | 1 | |
| Freezing Breath | 1 | |
8 total
» buildings
| Altar of Darkness | 1 | |
| Ziggurat | 12 | |
| Crypt | 1 | |
| Graveyard | 1 | |
| Tomb of Relics | 1 | |
| Halls of the Dead | 1 | |
| Slaughterhouse | 1 | |
| Black Citadel | 1 | |
| Sacrificial Pit | 1 | |
| Boneyard | 2 | |
| Spirit Tower | 2 | |
24 total
» build order
00:09 Altar of Darkness
00:12 Ziggurat
00:16 Crypt
01:09 Ziggurat
01:29 Graveyard
02:00 Tomb of Relics
02:37 Ziggurat
04:35 Halls of the Dead
05:33 Ziggurat
07:03 Slaughterhouse
07:06 Black Citadel
07:48 Sacrificial Pit
09:37 Boneyard
09:41 Ziggurat
09:42 Ziggurat
09:44 Ziggurat
13:41 Boneyard
14:58 Ziggurat
28:05 Ziggurat
28:06 Ziggurat
28:08 Ziggurat
28:10 Ziggurat
30:06 Spirit Tower
30:46 Spirit Tower
» items
| Rod of Necromancy | 1 | |
| Orb of Corruption | 1 | |
| Dust of Appearance | 1 | |
| Scroll of Town Portal | 1 | |
4 total
DonaldTrump2016 (
blue | 25 APM | 1418 actions | 56:20)
3 Blademaster
1 Wind Walk
2 Critical Strike
» actions
| Assign group hotkey | 425 | |
| Basic commands | 20 | |
| Build / train | 73 | |
| Enter build submenu | 13 | |
| Enter hero's abilities submenu | 3 | |
| Give item / drop item | 4 | |
| Remove unit from queue | 1 | |
| Right click | 456 | |
| Select / deselect | 192 | |
| Select group hotkey | 163 | |
| Use ability | 68 | |
1418 total
» units
» upgrades
| Melee Weapons | 3 | |
| Armor | 2 | |
| Berserker Strength | 1 | |
| Pulverize | 1 | |
7 total
» buildings
| Orc Burrow | 5 | |
| Altar of Storms | 1 | |
| Barracks | 1 | |
| War Mill | 1 | |
| Voodoo Lounge | 1 | |
| Stronghold | 1 | |
| Fortress | 1 | |
| Tauren Totem | 2 | |
| Spirit Lodge | 1 | |
14 total
» build order
00:08 Orc Burrow
00:12 Altar of Storms
00:31 Barracks
01:45 Orc Burrow
02:28 War Mill
04:44 Voodoo Lounge
04:58 Orc Burrow
05:10 Stronghold
06:47 Orc Burrow
07:42 Fortress
11:10 Tauren Totem
11:14 Tauren Totem
17:33 Orc Burrow
19:07 Spirit Lodge
» items
| Healing Salve | 4 | |
| Lesser Clarity Potion | 2 | |
| Scroll of Town Portal | 4 | |
| Scroll of Regeneration | 2 | |
| Orb of Lightning | 1 | |
| Potion of Healing | 1 | |
14 total
team 2 (loser)
LLAW-ITACHI (
purple | 97 APM | 3242 actions | 33:16)
5 Warden
3 Shadow Strike
2 Blink
3 Keeper of the Grove
2 Entangling Roots
1 Thorns Aura
» actions
| Assign group hotkey | 32 | |
| Basic commands | 9 | |
| Build / train | 94 | |
| ESC pressed | 8 | |
| Enter build submenu | 26 | |
| Enter hero's abilities submenu | 8 | |
| Right click | 1161 | |
| Select / deselect | 464 | |
| Select group hotkey | 1339 | |
| Use ability | 101 | |
3242 total
» units
| Wisp | 23 | |
| Huntress | 7 | |
| Dryad | 18 | |
| Archer | 11 | |
| Hippogryph | 6 | |
65 total
» upgrades
| Moon Armor | 1 | |
| Reinforced Hides | 1 | |
| Strength of the Wild | 1 | |
| Abolish Magic | 1 | |
| Improved Bows | 1 | |
5 total
» buildings
| Altar of Elders | 1 | |
| Moon Well | 9 | |
| Hunter's Hall | 1 | |
| Ancient of War | 1 | |
| Ancient Protector | 4 | |
| Tree of Ages | 6 | |
| Ancient of Lore | 6 | |
| Tree of Life | 1 | |
| Ancient of Wonders | 1 | |
| Tree of Eternity | 1 | |
| Ancient of Wind | 1 | |
32 total
» build order
00:07 Altar of Elders
00:19 Moon Well
01:18 Hunter's Hall
01:40 Ancient of War
01:55 Moon Well
02:27 Ancient Protector
03:20 Tree of Ages
03:20 Tree of Ages
03:33 Moon Well
04:54 Moon Well
05:09 Ancient Protector
05:13 Moon Well
06:50 Ancient of Lore
06:54 Ancient of Lore
06:59 Moon Well
07:45 Ancient of Lore
07:50 Ancient of Lore
08:35 Ancient of Lore
08:42 Ancient of Lore
09:34 Moon Well
09:34 Moon Well
09:41 Ancient Protector
09:51 Ancient Protector
11:20 Tree of Life
11:34 Moon Well
17:13 Tree of Ages
17:13 Tree of Ages
17:13 Tree of Ages
19:14 Ancient of Wonders
27:45 Tree of Eternity
27:48 Ancient of Wind
» items
| Scroll of Town Portal | 2 | |
| Dust of Appearance | 1 | |
3 total

»
dinglebury (
orange | 56 APM | 1844 actions | 32:57)
6 Mountain King
3 Bash
3 Storm Bolt
5 Firelord
1 Incinerate
3 Soul Burn
1 Summon Lava Spawn
» actions
| Basic commands | 91 | |
| Build / train | 99 | |
| ESC pressed | 5 | |
| Enter build submenu | 41 | |
| Enter hero's abilities submenu | 11 | |
| Remove unit from queue | 2 | |
| Right click | 969 | |
| Select / deselect | 538 | |
| Use ability | 88 | |
1844 total
» units
| Peasant | 23 | |
| Footman | 5 | |
| Rifleman | 5 | |
| Gryphon Rider | 13 | |
| Dragonhawk Rider | 13 | |
59 total
» upgrades
| Lumber Harvesting | 2 | |
| Swords | 3 | |
| Storm Hammers | 1 | |
| Masonry | 1 | |
| Plating | 1 | |
8 total
» buildings
| Altar of Kings | 1 | |
| Farm | 10 | |
| Barracks | 1 | |
| Lumber Mill | 1 | |
| Arcane Vault | 2 | |
| Scout Tower | 7 | |
| Keep | 2 | |
| Arcane Tower | 4 | |
| Blacksmith | 1 | |
| Castle | 1 | |
| Gryphon Aviary | 2 | |
| Town Hall | 6 | |
| Guard Tower | 3 | |
41 total
» build order
00:03 Altar of Kings
00:06 Farm
00:08 Barracks
01:22 Lumber Mill
01:39 Arcane Vault
01:45 Arcane Vault
01:56 Farm
02:39 Farm
03:27 Farm
03:46 Scout Tower
03:50 Scout Tower
04:36 Keep
04:36 Keep
04:37 Arcane Tower
04:53 Arcane Tower
05:51 Blacksmith
07:19 Castle
07:26 Gryphon Aviary
07:29 Gryphon Aviary
08:54 Farm
09:27 Town Hall
11:17 Town Hall
11:23 Scout Tower
12:07 Arcane Tower
12:18 Town Hall
12:46 Farm
13:00 Farm
13:18 Town Hall
13:29 Scout Tower
14:13 Arcane Tower
14:40 Scout Tower
15:20 Guard Tower
20:32 Scout Tower
20:55 Farm
20:56 Farm
21:02 Guard Tower
22:00 Farm
27:27 Town Hall
27:29 Scout Tower
29:04 Town Hall
29:06 Guard Tower
» items
| Scroll of Regeneration | 2 | |
| Scroll of Town Portal | 3 | |
| Orb of Fire | 1 | |
6 total
kingsobattIenet (
pink | 82 APM | 4640 actions | 56:20)
8 Blademaster
3 Wind Walk
3 Critical Strike
1 Bladestorm
1 Mirror Image
» actions
| Assign group hotkey | 110 | |
| Basic commands | 82 | |
| Build / train | 154 | |
| ESC pressed | 6 | |
| Enter build submenu | 78 | |
| Enter hero's abilities submenu | 8 | |
| Give item / drop item | 18 | |
| Right click | 2031 | |
| Select / deselect | 581 | |
| Select group hotkey | 1237 | |
| Use ability | 333 | |
4640 total
» units
| Peon | 19 | |
| Grunt | 4 | |
| Wind Rider | 19 | |
| Wisp | 6 | |
| Troll Batrider | 5 | |
| Chimaera | 2 | |
55 total
» upgrades
| Armor | 3 | |
| Berserker Strength | 1 | |
| Pillage | 1 | |
| Ranged Weapons | 3 | |
| Reinforced Defenses | 1 | |
| Envenomed Spears | 1 | |
| Spiked Barricades | 3 | |
| Masonry | 1 | |
| Well Spring | 1 | |
| Nature's Blessing | 1 | |
| Liquid Fire | 2 | |
| Corrosive Breath | 1 | |
19 total
» buildings
| Orc Burrow | 13 | |
| Altar of Storms | 2 | |
| Barracks | 1 | |
| Voodoo Lounge | 3 | |
| Stronghold | 14 | |
| War Mill | 2 | |
| Great Hall | 3 | |
| Watch Tower | 38 | |
| Beastiary | 7 | |
| Fortress | 9 | |
| Ziggurat | 3 | |
| Scout Tower | 1 | |
| Ancient Protector | 4 | |
| Chimaera Roost | 2 | |
102 total
» build order
00:11 Orc Burrow
00:53 Altar of Storms
00:57 Barracks
01:31 Orc Burrow
02:10 Voodoo Lounge
02:22 Orc Burrow
04:18 Stronghold
04:18 Stronghold
04:19 Stronghold
04:37 War Mill
04:58 Orc Burrow
05:39 Great Hall
05:56 Watch Tower
05:57 Watch Tower
06:16 Watch Tower
06:55 Beastiary
07:30 Watch Tower
07:51 Watch Tower
08:48 Watch Tower
09:08 Fortress
09:08 Fortress
09:08 Fortress
10:02 Beastiary
10:04 Beastiary
11:50 Watch Tower
12:26 Watch Tower
12:31 Watch Tower
14:34 Watch Tower
14:38 Watch Tower
15:12 Watch Tower
15:13 Watch Tower
16:04 Orc Burrow
16:06 Orc Burrow
16:18 Orc Burrow
16:24 Orc Burrow
18:22 Great Hall
18:31 Watch Tower
18:32 Watch Tower
19:08 Orc Burrow
20:35 Beastiary
20:36 Beastiary
22:32 Altar of Storms
23:22 Stronghold
23:22 Stronghold
23:22 Stronghold
23:23 Stronghold
23:56 Great Hall
25:01 Watch Tower
25:02 Watch Tower
25:03 Watch Tower
25:05 Watch Tower
25:07 Watch Tower
25:08 Watch Tower
25:10 Watch Tower
25:12 Watch Tower
25:14 Watch Tower
25:41 Voodoo Lounge
25:45 Fortress
25:46 Fortress
25:46 Fortress
26:04 Watch Tower
26:05 Watch Tower
28:47 Stronghold
28:48 Stronghold
28:48 Stronghold
28:48 Stronghold
33:19 Beastiary
33:23 Beastiary
33:36 Ziggurat
33:36 Ziggurat
33:37 Ziggurat
33:54 Scout Tower
34:29 Ancient Protector
34:29 Ancient Protector
34:30 Ancient Protector
34:32 Ancient Protector
34:42 Watch Tower
34:54 Watch Tower
34:55 Watch Tower
35:05 Voodoo Lounge
35:47 War Mill
36:15 Orc Burrow
36:21 Orc Burrow
37:15 Orc Burrow
37:22 Orc Burrow
38:46 Watch Tower
38:47 Watch Tower
38:48 Watch Tower
38:52 Watch Tower
38:54 Watch Tower
38:56 Watch Tower
42:31 Chimaera Roost
42:34 Chimaera Roost
43:01 Watch Tower
43:01 Watch Tower
43:02 Watch Tower
» items
| Healing Salve | 8 | |
| Lesser Clarity Potion | 2 | |
| Circlet of Nobility | 1 | |
| Scroll of Town Portal | 3 | |
| Orb of Lightning | 1 | |
| Tiny Great Hall | 2 | |
17 total
KillAllNigsNOW (
teal | 63 APM | 2084 actions | 33:03)
4 Death Knight
2 Death Coil
2 Unholy Aura
4 Lich
2 Frost Nova
2 Frost Armor
» actions
| Assign group hotkey | 26 | |
| Basic commands | 120 | |
| Build / train | 77 | |
| Enter build submenu | 22 | |
| Enter hero's abilities submenu | 8 | |
| Give item / drop item | 1 | |
| Remove unit from queue | 3 | |
| Right click | 1137 | |
| Select / deselect | 375 | |
| Select group hotkey | 249 | |
| Use ability | 65 | |
2084 total
» units
| Acolyte | 7 | |
| Ghoul | 4 | |
| Crypt Fiend | 6 | |
| Obsidian Statue | 1 | |
| Frost Wyrm | 15 | |
33 total
» upgrades
| Burrow | 1 | |
| Creature Attack | 3 | |
| Web | 1 | |
| Creature Carapace | 3 | |
| Freezing Breath | 1 | |
9 total
» buildings
| Crypt | 1 | |
| Graveyard | 1 | |
| Altar of Darkness | 1 | |
| Ziggurat | 9 | |
| Tomb of Relics | 2 | |
| Halls of the Dead | 3 | |
| Black Citadel | 1 | |
| Slaughterhouse | 1 | |
| Sacrificial Pit | 1 | |
| Spirit Tower | 8 | |
| Boneyard | 2 | |
| Nerubian Tower | 1 | |
31 total
» build order
00:07 Crypt
00:14 Graveyard
00:43 Altar of Darkness
01:00 Ziggurat
01:31 Tomb of Relics
02:03 Ziggurat
03:23 Halls of the Dead
03:23 Halls of the Dead
03:23 Halls of the Dead
04:24 Ziggurat
05:56 Black Citadel
06:03 Slaughterhouse
06:06 Sacrificial Pit
06:13 Ziggurat
07:06 Spirit Tower
08:52 Boneyard
09:01 Ziggurat
09:04 Ziggurat
11:00 Boneyard
11:17 Spirit Tower
11:19 Nerubian Tower
12:14 Ziggurat
12:43 Spirit Tower
15:23 Spirit Tower
15:27 Spirit Tower
17:47 Spirit Tower
17:53 Ziggurat
19:16 Spirit Tower
19:19 Ziggurat
21:28 Spirit Tower
26:34 Tomb of Relics
» items
| Rod of Necromancy | 1 | |
| Scroll of Healing | 2 | |
| Potion of Lesser Invulnerability | 2 | |
| Dust of Appearance | 1 | |
6 total
Chat log
(00:17 / Allies) WALLOFMURICA: the orange reich
(00:41 / All) BuddhaBoi: Trump will win this election 99 times
(00:44 / All) BuddhaBoi: before he takes office
(00:52 / Allies) DonaldTrump2016: make america great again
(00:59 / All) WALLOFMURICA: wall of freedom
(01:01 / Allies) Trumpenreich: we're gonna get tired of winning
(01:10 / All) LLAW-ITACHI: drugs are going to be legal?
(01:18 / All) BuddhaBoi: states rights
(01:21 / All) Trumpenreich: we're gonna win so much your head will spin
(01:25 / All) KillAllNigsNOW: anal sex?
(01:41 / All) DonaldTrump2016: if youre gay mike with make you sit in the chair
(01:54 / All) DonaldTrump2016: mike pence
(02:04 / All) WALLOFMURICA: and u cant eat popsicles in the bath nemore
(02:19 / All) WALLOFMURICA: they passin it
(02:45 / Allies) WALLOFMURICA: ah good ol mh
(03:03 / Allies) Trumpenreich: yo trump help green
(04:57 / All) LLAW-ITACHI: murica bitch
(06:55 / All) BuddhaBoi: purple has mh doesn't he
(07:02 / All) DonaldTrump2016: yes
(09:05 / Allies) DonaldTrump2016: kill dark wizard now
(09:07 / Allies) DonaldTrump2016: purp is on way
(09:20 / Allies) WALLOFMURICA: does he mh?
(09:26 / Allies) DonaldTrump2016: YES
(09:27 / Allies) DonaldTrump2016: HE DOES
(09:29 / All) BuddhaBoi: so sorry her lol
(09:31 / All) BuddhaBoi: mher*
(09:31 / Allies) DonaldTrump2016: WHY KEEP ASKING
(10:05 / Allies) WALLOFMURICA: eh blue wanna come wit me then?
(10:14 / Allies) DonaldTrump2016: im already here stupid ass
(10:22 / Allies) WALLOFMURICA: no to purp well rape him
(10:27 / Allies) DonaldTrump2016: LETS GO STUPID FUCKER
(10:31 / Allies) DonaldTrump2016: LET ME SEE YOU MOVE
(11:54 / Allies) WALLOFMURICA: u got a grunt in my base
(13:10 / All) DonaldTrump2016: nice pinging a spot you shouldnt be able to see faggot
(13:17 / All) Trumpenreich: ur a jew pink
(13:17 / All) DonaldTrump2016: stop pinging so much purp
(13:19 / All) DonaldTrump2016: jesus
(13:28 / All) DonaldTrump2016: scared me and green about to kick your ass?
(14:38 / All) BuddhaBoi: Alright purple]
(14:42 / All) BuddhaBoi: YOu pissed me off for last itme
(16:08 / Allies) DonaldTrump2016: get aa
(16:32 / Allies) WALLOFMURICA: lol @purp
(16:40 / Allies) WALLOFMURICA: haha
(16:45 / Allies) WALLOFMURICA: what a pussy
(16:46 / All) BuddhaBoi: lol
(17:14 / Allies) WALLOFMURICA: so sad
(17:18 / Allies) WALLOFMURICA: takes fun out of game
(17:24 / Allies) WALLOFMURICA: wanted to invis mort so bad
(17:27 / Allies) DonaldTrump2016: still beatable
(17:48 / All) BuddhaBoi: GOTHEEEM
(18:23 / Allies) WALLOFMURICA: zzzzzzzzzz
(18:26 / Allies) WALLOFMURICA: red wake up
(18:29 / Allies) WALLOFMURICA: omg lol
(18:33 / Allies) Trumpenreich: they all there
(19:10 / Allies) WALLOFMURICA: it was just eal
(19:15 / Allies) WALLOFMURICA: we coulda raped him
(19:24 / Allies) WALLOFMURICA: smh lol
(19:29 / All) DonaldTrump2016: coming for me eh purp
(19:38 / Allies) WALLOFMURICA: this is why we have tps
(20:00 / All) BuddhaBoi: lol
(20:22 / All) BuddhaBoi: blue
(20:25 / All) BuddhaBoi: why did you take that tp
(20:27 / All) BuddhaBoi: that I dropped
(20:28 / All) kingsobattIenet: I'm going to go 100 food
(20:30 / All) BuddhaBoi: briefly
(20:32 / All) BuddhaBoi: to heal my self?
(20:32 / Allies) DonaldTrump2016: so they dont
(20:39 / Allies) DonaldTrump2016: take it back
(21:45 / Allies) BuddhaBoi: MOVE ON
(21:46 / Allies) BuddhaBoi: NEXT BASE
(21:47 / Allies) BuddhaBoi: HURRY
(21:55 / Allies) BuddhaBoi: NEXT BASE
(21:57 / Allies) BuddhaBoi: HURRY HURRY
(22:00 / Allies) DonaldTrump2016: GO GREEN
(22:02 / Allies) BuddhaBoi: NEXT BASE
(22:05 / Allies) DonaldTrump2016: STOP FUCKING BLOWING UP STUPID SHIT
(22:05 / Allies) DonaldTrump2016: GO
(22:06 / Allies) BuddhaBoi: hurry hurry
(24:04 / Allies) BuddhaBoi: We need to kill purple the mher next
(24:07 / Allies) BuddhaBoi: that's next base we hit
(24:14 / Allies) DonaldTrump2016: i just took out his mine
(26:03 / Allies) WALLOFMURICA: blue can u go pink expo
(26:05 / Allies) WALLOFMURICA: i tp in
(26:45 / Allies) WALLOFMURICA: or suicide lol
(26:51 / Allies) DonaldTrump2016: gold me
(27:09 / Allies) DonaldTrump2016: ok or i can just be useless
(27:13 / Allies) DonaldTrump2016: i ahve a tiny great hall on my hero
(27:16 / Allies) DonaldTrump2016: that i stole from pink
(27:30 / Allies) DonaldTrump2016: yellow has 10k
(27:33 / Allies) DonaldTrump2016: doesnt bother to share
(27:35 / Allies) DonaldTrump2016: thats cool
(27:46 / Allies) Trumpenreich: 'yellow use ur gold or share
(27:52 / Allies) DonaldTrump2016: give me 1k ytou faggot
(28:04 / All) BuddhaBoi: sup mher
(28:11 / Allies) DonaldTrump2016: GIVE ME GOLD YELLOW
(28:13 / Allies) WALLOFMURICA: yellow
(28:14 / Allies) DonaldTrump2016: STOP TRYING TO BE COOL
(28:16 / Allies) WALLOFMURICA: go hit i tp
(28:19 / Allies) WALLOFMURICA: wtf zzzzzzzzzzzz
(28:25 / Allies) DonaldTrump2016: 12K GOLD
(28:26 / Allies) DonaldTrump2016: I HAVE 0
(28:28 / Allies) DonaldTrump2016: BUT TWO PEONS
(28:32 / Allies) DonaldTrump2016: AND A HERO WITH TINY GREAT HALL
(28:34 / Allies) DonaldTrump2016: ARE YOU FUCKING DUMB
(28:36 / Allies) DonaldTrump2016: WHY WONT YOU SHARE
(28:58 / All) BuddhaBoi: lawl shit
(29:09 / Allies) WALLOFMURICA: yellows shit we lose lol
(29:09 / All) BuddhaBoi: stop pinging wtf
(29:15 / Allies) DonaldTrump2016: GOLD ME
(30:04 / All) BuddhaBoi: I am so sick of your mhing ass
(30:07 / All) kingsobattIenet: wow retard teal still tking
(30:17 / Allies) DonaldTrump2016: dude why the fuck cant you share with me some gold
(30:19 / Allies) DonaldTrump2016: yellow
(30:26 / Allies) DonaldTrump2016: i dont get why the fuck you havent already
(30:39 / Allies) DonaldTrump2016: green will you gold me
(30:41 / Allies) DonaldTrump2016: or red?
(30:51 / Allies) BuddhaBoi: let's kill purple
(30:52 / Allies) WALLOFMURICA: goooo
(30:53 / Allies) BuddhaBoi: and orange
(30:54 / Allies) WALLOFMURICA: wtf
(30:57 / Allies) WALLOFMURICA: i tp in
(31:00 / Allies) WALLOFMURICA: u guys so slow lol'
(31:06 / Allies) DonaldTrump2016: why the fuck wont anyone gold me
(31:19 / Allies) WALLOFMURICA: ima about to suicide red
(31:25 / Allies) WALLOFMURICA: ping my hero or im leaving
(31:25 / Allies) DonaldTrump2016: literally no one has given me a fucking single peice of gold
(31:31 / Allies) DonaldTrump2016: leave green
(31:34 / Allies) DonaldTrump2016: i can handle your shit
(31:39 / Allies) DonaldTrump2016: if youc ant spare any gold
(31:41 / Allies) DonaldTrump2016: you fucking faggot
(32:19 / Allies) DonaldTrump2016: can i have some gold
(32:21 / Allies) WALLOFMURICA: idc ne more
(32:27 / Allies) DonaldTrump2016: can i please have some gold
(32:28 / Allies) DonaldTrump2016: anyone
(32:35 / Allies) WALLOFMURICA: def not now lol
(32:36 / All) dinglebury: gg
(32:38 / All) dinglebury: blue sux
(32:51 / All) dinglebury: lollllll
(33:09 / All) DonaldTrump2016: i still win though
(33:11 / All) DonaldTrump2016: fuck him
(33:25 / Allies) DonaldTrump2016: thanks for the gold faggots
(33:32 / Allies) DonaldTrump2016: about time
(33:42 / All) Trumpenreich: victory! america gonna be great again
(34:14 / Allies) BuddhaBoi: lumber
(34:26 / Allies) DonaldTrump2016: you have 1.6k, why ask for any?
(34:27 / Allies) BuddhaBoi: lumber?
(34:32 / Allies) DonaldTrump2016: use your own.
(34:40 / Allies) DonaldTrump2016: :)
(34:51 / Allies) DonaldTrump2016: no one wants to give you shit nigger
(36:15 / Allies) WALLOFMURICA: lol
(36:48 / Allies) DonaldTrump2016: play for me my minions
(36:52 / Allies) DonaldTrump2016: and get my win
(36:56 / All) Trumpenreich: wow
(36:58 / All) Trumpenreich: lol
(37:03 / All) Trumpenreich: yellow tking
(37:05 / Allies) DonaldTrump2016: my trumpenreich minions
(37:07 / All) Trumpenreich: for some reason
(37:09 / Allies) DonaldTrump2016: i am the fuhrer
(37:15 / All) BuddhaBoi: the reason that might is right
(37:16 / Allies) WALLOFMURICA: reds the worst lol
(37:18 / All) kingsobattIenet: hmm
(37:24 / Allies) WALLOFMURICA: jsut flies around aimlessly
(37:49 / Allies) DonaldTrump2016: ill be back later, i better see a gold frame around my name
(37:56 / Allies) DonaldTrump2016: my wc3 slaves
(39:29 / Allies) WALLOFMURICA: so bored goin make samiches
(39:58 / Allies) Trumpenreich: so what now?
(40:05 / Allies) WALLOFMURICA: we lost
(40:10 / All) Trumpenreich: lol pink your fucking terrible
(40:14 / Allies) BuddhaBoi: now the fun begins
(40:18 / All) Trumpenreich: lucky this fag wants to TK
(40:21 / Allies) WALLOFMURICA: ye see he troll
(40:23 / All) kingsobattIenet: is that your normal reaction to getting your whole army raped?
(40:27 / All) kingsobattIenet: WAHHH YOU ARE THE ONE WHO IS TERRIBLE
(40:28 / All) kingsobattIenet: WAHHH
(40:37 / All) kingsobattIenet: TERRIBLE BUT I STILL CAN'T BEAT YOU! WAHHH!
(40:42 / All) kingsobattIenet: Baby gonna cry?
(40:47 / All) Trumpenreich: owned ur ass 1v1 lmao
(40:50 / All) Trumpenreich: ur a baddie
(40:56 / All) kingsobattIenet: Nah you killed my main 2v1
(40:57 / All) kingsobattIenet: not 1v1
(41:06 / All) kingsobattIenet: and in 1v1 I'd rape you anytime
(41:09 / All) kingsobattIenet: You got lucky this game
(41:11 / All) Trumpenreich: ur so bad
(41:28 / All) kingsobattIenet: yet I win, you lose, how about that?
(41:40 / All) Trumpenreich: ur friend is tking us
(41:43 / All) Trumpenreich: thats why u win
(41:46 / All) Trumpenreich: ur terrible
(41:47 / All) kingsobattIenet: I win, you lose
(41:51 / All) kingsobattIenet: You lost, I win
(41:58 / All) kingsobattIenet: I defeated you, I'm the winner
(42:01 / All) kingsobattIenet: You're a sore whiny loser
(42:39 / All) Trumpenreich: afk smoke break
(42:44 / Allies) WALLOFMURICA: got my samich
(42:51 / Allies) WALLOFMURICA: cod time
(42:56 / Allies) WALLOFMURICA: so bored
(43:08 / Allies) WALLOFMURICA: 1 power core till the rainbow pooing cat
(43:44 / All) Trumpenreich: Ok
(43:46 / All) Trumpenreich: afk
(43:47 / All) Trumpenreich: peace
(43:52 / All) kingsobattIenet: lol
(43:54 / All) kingsobattIenet: I win, you lose
(44:10 / All) BuddhaBoi: wuz gonna get siege for his ass lol
(45:09 / All) BuddhaBoi: I'm not sure what my team had against you lol
(45:19 / All) kingsobattIenet: I couldn't catch a break this game
(45:24 / All) kingsobattIenet: fucking irritating match
(45:25 / All) BuddhaBoi: I had them move on to next base or they'd completely wipe out your main
(46:22 / All) BuddhaBoi: I like that red unsummoned his stuff
(46:25 / All) BuddhaBoi: Very considerate of him
(46:34 / All) kingsobattIenet: thanks, red
(46:39 / All) kingsobattIenet: you make our job easier
(53:04 / All) BuddhaBoi: You there blue?
(55:04 / All) BuddhaBoi: I brb, if you don't message by the time I get back you lose
(56:10 / All) BuddhaBoi: aight den